 Dungeon Crawl Stone Soup version 0.26-a0-1026-g544776af23 (webtiles) character file.

Game seed: 17490330594585006732

3419 lunkers the Slinger (level 10, -1/77 HPs)
             Began as a Halfling Hunter on Dec 9, 2020.
             Was a Follower of Ru.
             Hit by a large rock thrown by a cyclops (15 damage)
             ... on level 7 of the Dungeon.
             The game lasted 00:17:59 (7233 turns).

lunkers the Slinger (Halfling Hunter)               Turns: 7233, Time: 00:18:00

Health: -1/77      AC:  8    Str: 16    XL:     10   Next: 25%
Magic:  10/10      EV: 15    Int:  9    God:    Ru [*.....]
Gold:   235        SH:  0    Dex: 16    Spells: 9/9 levels left

rFire    . . .     SeeInvis .   a - +1 hunting sling (flame)
rCold    . . .     Faith    +   (shield restricted)
rNeg     . . .     Spirit   .   K - +0 steam dragon scales
rPois    .         Reflect  .   (no helmet)
rElec    .         Harm     .   l - +0 cloak
rCorr    .         Rampage  .   B - +1 pair of gloves
Will     +....                  (no boots)
Stlth    ++........             C - amulet of faith
HPRegen  0.22/turn              f - ring of willpower
MPRegen  0.12/turn              H - ring of wizardry (curse)

@: no status effects
A: small, mutation resistance 1, hated by all
a: Renounce Religion


You were on level 7 of the Dungeon.
You worshipped Ru.
Ru was aware of your devotion.
You visited 2 branches of the dungeon, and saw 8 of its levels.
You also visited: Ossuary.

You collected 430 gold pieces.
You spent 195 gold pieces at shops.

Inventory:

Hand Weapons
 a - a +1 hunting sling of flaming (weapon)
 m - a +1 short sword of freezing
 t - a +2 vorpal falchion
 w - a +1 hunting sling
 F - a +2 dagger of speed
 G - a +3 rapier
 L - a +2 dagger of draining
Missiles
 d - 41 sling bullets
 e - 351 stones (quivered ammo)
Armour
 l - a +0 cloak (worn)
 s - a +0 chain mail
 x - a +1 leather armour of poison resistance
 B - a +1 pair of gloves (worn)
 K - +0 steam dragon scales (worn)
Jewellery
 f - a ring of willpower (left hand)
 C - an amulet of faith (around neck)
 H - a cursed ring of wizardry (right hand)
Wands
 I - a wand of iceblast (8)
Scrolls
 g - 7 scrolls of teleportation
 h - 2 scrolls of fear {unknown}
 j - 5 scrolls of identify
 p - 2 scrolls of fog {unknown}
 q - a scroll of noise {unknown}
 r - a scroll of immolation {unknown}
 u - 2 scrolls of blinking {unknown}
 y - a scroll of silence {unknown}
 D - 4 scrolls of remove curse
 E - a scroll of amnesia {unknown}
 J - a scroll of magic mapping {unknown}
Potions
 b - 3 potions of brilliance
 c - a potion of haste
 i - a potion of might
 k - 12 potions of curing
 n - 2 potions of flight
 o - a potion of cancellation
 v - 3 potions of heal wounds
 z - a potion of berserk rage
 A - 2 potions of mutation


   Skills:
 + Level 10.8 Fighting
 - Level 12.0 Slings
 - Level 2.1 Dodging
 - Level 1.1 Stealth


You had 9 spell levels left.
You didn't know any spells.
Your spell library contained the following spells:

 Spells                   Type           Power        Failure   Level
 Shock                    Conj/Air       #...         16%         1
 Swiftness                Air            #.......     24%         2
 Static Discharge         Conj/Air       #.......     43%         3
 Airstrike                Air            #.........   82%         4
 Lightning Bolt           Conj/Air       #.........   98%         5


Dungeon Overview and Level Annotations

Branches:
Dungeon (7/15)             Temple (1/1) D:4         Ossuary (visited)

Altars:
Ashenzari
Cheibriados
Dithmenos
Fedhas
Gozag
Hepliaklqana
Kikubaaqudgha
Makhleb
Nemelex Xobeh
Okawaru
Qazlal
Ru
Sif Muna
Trog
Uskayaw
Vehumet
Wu Jian
Xom
Yredelemnul
Zin

Shops:
D:4 (   D:5 (*!?


Innate Abilities, Weirdness & Mutations

You are small and have problems with some larger weapons.
You are somewhat resistant to further mutation.
You are hated by all.


Message History

A bullfrog skeleton comes into view.
You see here a stone.
The big kobold shoots a sling bullet.
The sling bullet hits you but does no damage.
Things that are here:
a sling bullet; a stone; a killer bee corpse
There is an open door here.
Items here: ( ))) [.
The big kobold shoots a sling bullet.
The sling bullet hits you.
A cyclops comes into view.
The big kobold shoots a sling bullet.
The sling bullet hits you but does no damage.
You see here a sling bullet.
The cyclops throws a large rock.
The large rock hits you!!!
* * * LOW HITPOINT WARNING * * *
You see here a large rock.
The cyclops throws a large rock.
The large rock closely misses you.
You see here a large rock.
The cyclops throws a large rock.
The large rock hits you!
You die...

#.....#...###.#######..
#..................†...
#......##.#.#..........
#####.......#######....
##.#..### #..###
#.#..#######..##
#)#.....))...# ..
#.#...########..#
#@##..#.....#..#
#..(..#.###.#(#
####(.C.# #.(#
####..#.##.(#
#...>.#....#
#(##..###'###
#.#..##.....#
#...##....#..#
#..##..#..##..#


You could see a cyclops.

Vanquished Creatures
  An unseen horror (D:7)
  Pikel (D:4)
  A komodo dragon (D:7)
  2 steam dragons (D:6)
  Duvessa (D:5)
  A sky beast (D:5)
  An ice beast (D:5)
  An orc warrior (D:7)
  An ogre (D:5)
  A centaur (D:6)
  2 lemures (D:4)
  A big kobold (D:7)
  2 bullfrogs (D:6)
  2 water moccasin zombies (Ossuary)
  Dowan (D:5)
  A scorpion (D:5)
  A killer bee (D:7)
  A howler monkey (D:6)
  3 centaur zombies
  A bullfrog zombie (D:7)
  7 orc wizards
  3 iguanas
  5 worker ants
  A big kobold zombie (Ossuary)
  A hound skeleton (D:7)
  2 mummies (Ossuary)
  Robin (D:3)
  3 gnolls (D:3)
  5 adders
  An ufetubus (D:6)
  An ooze (D:2)
  5 adder zombies
  3 adder skeletons
  2 worms
  2 dart slugs (D:1)
  6 leopard geckos
  22 orcs
  9 bats
  4 giant cockroaches
  4 gnoll zombies (Ossuary)
  11 hobgoblins
  16 jackals
  3 quokkas (D:2)
  2 ball pythons (D:2)
  A frilled lizard (D:1)
  23 goblins
  7 hobgoblin zombies (Ossuary)
  A jackal zombie (D:5)
  13 kobolds
  4 kobold zombies (Ossuary)
  2 orc zombies (Ossuary)
  A quokka skeleton (D:4)
  15 rats
212 creatures vanquished.

Vanquished Creatures (others)
  An orc warrior (D:7)
  2 fungi (D:6)
3 creatures vanquished.

Grand Total: 215 creatures vanquished

Notes
Turn   | Place    | Note
-------+----------+-------------------------------------------
     0 | D:1      | lunkers the Halfling Hunter began the quest for the Orb.
     0 | D:1      | Reached XP level 1. HP: 14/14 MP: 1/1
    55 | D:1      | Reached skill level 6 in Slings
    63 | D:1      | Reached XP level 2. HP: 19/19 MP: 2/2
   419 | D:1      | Reached XP level 3. HP: 25/25 MP: 3/3
  1007 | D:2      | Found a broken altar of Ashenzari.
  1121 | D:2      | Reached XP level 4. HP: 29/30 MP: 4/4
  1212 | D:2      | Reached skill level 7 in Slings
  1808 | D:3      | Reached XP level 5. HP: 36/36 MP: 5/5
  2093 | D:3      | Found an ornate altar of the Wu Jian Council.
  2345 | D:3      | Reached skill level 8 in Slings
  2353 | D:3      | Reached XP level 6. HP: 21/43 MP: 6/6
  2768 | D:3      | Noticed Robin
  2849 | D:3      | Killed Robin
  3174 | D:4      | Found a shadowy altar of Dithmenos.
  3368 | D:4      | Noticed Pikel
  3384 | D:4      | Killed Pikel
  3385 | D:4      | Reached skill level 5 in Fighting
  3385 | D:4      | Reached skill level 10 in Slings
  3385 | D:4      | Reached XP level 7. HP: 26/50 MP: 7/7
  3385 | D:4      | Reached XP level 8. HP: 29/56 MP: 8/8
  3555 | D:4      | Found Pauttuso's Antique Weapon Shoppe.
  3612 | D:4      | Found a staircase to the Ecumenical Temple.
  3786 | Temple   | Entered the Ecumenical Temple
  4016 | Temple   | Became a worshipper of Ru the Awakened
  4336 | D:5      | Entered Level 5 of the Dungeon
  4336 | D:5      | Found a sand-covered staircase.
  4440 | Ossuary  | Entered an ossuary
  4701 | D:5      | Found Fijefo Biffe's Assorted Antiques.
  4708 | D:5      | Bought a pair of glowing gloves for 195 gold pieces
  4807 | D:5      | Reached skill level 11 in Slings
  4839 | D:5      | Found Dovyud's Magic Scroll Shop.
  5003 | D:5      | Found an opulent altar of Gozag.
  5094 | D:5      | Gained mutation: You are hated by all. [Ru sacrifice]
  5094 | D:5      | Reached * piety under Ru
  5256 | D:5      | Found Sum Tiv's Distillery.
  5361 | D:5      | Noticed Duvessa
  5361 | D:5      | Noticed Dowan
  5370 | D:5      | Killed Duvessa
  5371 | D:5      | Reached XP level 9. HP: 64/64 MP: 9/9
  5378 | D:5      | Killed Dowan
  5379 | D:5      | Reached skill level 12 in Slings
  5394 | D:5      | Found Kuwoepas's Antique Weapon Shoppe.
  5504 | D:5      | Found a radiant altar of Vehumet.
  5504 | D:5      | Found an opulent altar of Gozag.
  5509 | D:5      | Found an iron altar of Okawaru.
  5514 | D:5      | Found a glowing silver altar of Zin.
  5517 | D:5      | Found a snail-covered altar of Cheibriados.
  5654 | D:6      | Found an ancient bone altar of Kikubaaqudgha.
  6758 | D:7      | Killed an unseen horror
  6759 | D:7      | Reached skill level 10 in Fighting
  6759 | D:7      | Reached XP level 10. HP: 12/76 MP: 10/10
  7172 | D:7      | Noticed a komodo dragon
  7192 | D:7      | Killed a komodo dragon
  7224 | D:7      | Noticed a cyclops
  7233 | D:7      | Hit by a large rock thrown by a cyclops

Illustrated notes

Levels and vault maps discovered:
D:1:      dpeg_arrival_signposts, layout_basic
D:2:      layout_rooms, general_overflow_altar, kennysheep_generic_room_8
D:3:      kennysheep_goblin_castle, layout_loops_ring, lemuel_round_altar
D:4:      layout_cave_pods, overflow_temple_1_default,
          minmay_temple_entry_statues, serial_shops, kennysheep_mini_moat,
          uniq_pikel
D:5:      layout_basic, chequers_temple_overflow_minitemple, serial_shops, shop,
          kennysheep_mini, shop, nicolae_shop_overgrown_old_shop, serial_glass,
          glass_columns_a, glass_columns_b, item_on_display_a, enter_ossuary_1,
          nicolae_gozag_seed_capital, uniq_duvessa
D:6:      kennysheep_steamy, layout_basic, overflow_temple_1_default
D:7:      minmay_the_grid_octo_tiled_squarecenter
          [minmay_the_grid_octo_checkered, minmay_the_grid_octo_teeth,
          minmay_the_grid_octo_pinwheel, minmay_the_grid_octo_fat_diamond,
          minmay_the_grid_square_5x5_megaprize_checkered,
          minmay_the_grid_square_5x5_three_walls,
          minmay_the_grid_square_5x5_forky, minmay_the_grid_square_5x5_six,
          minmay_the_grid_square_5x5_bite], layout_basic, lemuel_flamethrower_2,
          uniq_crazy_yiuf_cottage, uniq_prince_ribbit1
Temple:   minmay_temple_curvy_loop

Skill      XL: |  1  2  3  4  5  6  7  8  9 |
---------------+----------------------------+-----
Slings         | 6 7 8 10 11 12 | 12.0
Fighting       | 2 3 5 7 10 | 10.8
Dodging        | |  2.1
Stealth        | |  1.1

Action                   |  1- 3 |  4- 6 |  7- 9 | 10-12 || total
-------------------------+-------+-------+-------+-------++-------
 Fire: Hunting sling     |   113 |   291 |   410 |    48 ||   862
Invok: Sacrifice Love    |       |       |     1 |       ||     1
Evoke: Wand              |       |       |     5 |       ||     5
  Use: Scroll            |       |     7 |     5 |       ||    12
Armor: Leather armour    |    10 |     1 |       |       ||    11
       Chain mail        |       |    31 |    37 |       ||    68
       Steam dragon scal |       |       |    23 |     3 ||    26
Dodge: Dodged            |    21 |    54 |    55 |    12 ||   142

Table legend: (Time is in decaauts)
 A = Elapsed time spent in this place.
 B = Non-inter-level travel time spent in this place.
 C = Inter-level travel time spent in this place.
 D = Time resting spent in this place.
 E = Time spent auto-exploring this place.
 F = Levels seen in this place.
 G = Mean time per level.
                   A        B        C        D        E       F      G
               +--------+--------+--------+--------+--------+-----+--------+
         Total |   6993 |   6664 |    329 |      1 |   5203 |   9 |  777.0 |
       Dungeon |   6507 |   6211 |    296 |      1 |   4871 |   7 |  929.6 |
        Temple |    264 |    231 |     33 |      0 |    190 |   1 |  264.0 |
       Ossuary |    222 |    222 |      0 |      0 |    141 |   1 |  222.0 |
               +--------+--------+--------+--------+--------+-----+--------+

Top non-repeatable levels by time:
     D:3: 1416 daAuts
     D:4: 1002 daAuts
     D:1: 986 daAuts
     D:5: 931 daAuts
     D:6: 848 daAuts
     D:7: 729 daAuts
     D:2: 593 daAuts
  Temple: 264 daAuts
 Ossuary: 222 daAuts
